| TOP OF THE 1ST |
|
Columbus Skeeters batting - Pitching for Jacksonville Suns : LHP Tom Browning
|
|
Pitching: LHP Tom Browning
|
|
|
Batting: RHB Randolph Ebersberger
|
0-0: Ground out 6-3 (Groundball, 6, EV 80.0 MPH)
|
|
Batting: RHB Heri Ramirez
|
0-0: Ball 1-0: Fly out, F9 (Flyball, 9LD, EV 102.5 MPH)
|
|
Batting: LHB Sam Horn
|
0-0: Ball 1-0: Ball 2-0: Called Strike 2-1: SOLO HOME RUN (Flyball, 7LD, EV 104.4 MPH), Distance : 343 ft
|
|
Batting: RHB George Dierberger
|
0-0: Foul Ball, location: 2F 0-1: Fly out, F7 (Flyball, 7LM, EV 79.4 MPH)
|
| Top of the 1st over - 1 run, 1 hit, 0 errors, 0 left on base; Columbus 1 - Jacksonville 0 |
| BOTTOM OF THE 1ST |
|
Jacksonville Suns batting - Pitching for Columbus Skeeters : LHP Scott Gleckel
|
|
Pitching: LHP Scott Gleckel
|
|
|
Batting: RHB Lyle Brackenridge
|
0-0: Ball 1-0: Ball 2-0: Ball 3-0: Base on Balls
|
|
Batting: RHB Jeff Spisok
|
0-0: Ball 1-0: Ball 2-0: DOUBLE (Flyball, 89D, EV 105.6 MPH) Lyle Brackenridge to third
|
|
Batting: LHB Andy Carlton
|
0-0: Ball 1-0: Called Strike 1-1: Called Strike 1-2: Ball 2-2: Foul Ball, location: 2F 2-2: Ball 3-2: Strikes out swinging
|
|
Batting: RHB Tony Evans
|
0-0: Called Strike 0-1: Foul Ball, location: 2F 0-2: Ball 1-2: Fly out, F8 (Flyball, 8RD, EV 96.9 MPH) Runner from 3rd tags up, OUT at HOME! 8-2
|
| Bottom of the 1st over - 0 runs, 1 hit, 0 errors, 1 left on base; Columbus 1 - Jacksonville 0 |
| TOP OF THE 2ND |
|
Columbus Skeeters batting - Pitching for Jacksonville Suns : LHP Tom Browning
|
|
Batting: LHB John Weller
|
0-0: Foul Ball, location: 2F 0-1: Ball 1-1: Foul Ball, location: 2F 1-2: Ball 2-2: Foul Ball, location: 2F 2-2: Ball 3-2: Foul Ball, location: 2F 3-2: Ground out U3 (Groundball, 34, EV 101.9 MPH)
|
|
Batting: RHB Danny Sheaffer
|
0-0: Called Strike 0-1: Fly out, F8 (Flyball, 8RS, EV 89.4 MPH)
|
|
Batting: LHB Jay Erdahl
|
0-0: Ball 1-0: Fly out, F7 (Flyball, 7S, EV 76.3 MPH)
|
| Top of the 2nd over - 0 runs, 0 hits, 0 errors, 0 left on base; Columbus 1 - Jacksonville 0 |
| BOTTOM OF THE 2ND |
|
Jacksonville Suns batting - Pitching for Columbus Skeeters : LHP Scott Gleckel
|
|
Batting: RHB Edward Packard
|
0-0: Ground out U3 (Groundball, 34, EV 103.1 MPH)
|
|
Batting: LHB Pete M O'Brien
|
0-0: Ball 1-0: Foul Ball, location: 2F 1-1: Fly out, F7 (Flyball, 7LM, EV 91.9 MPH)
|
|
Batting: LHB Dave Baker
|
0-0: Foul Ball, location: 2F 0-1: Ground out 4-3 (Groundball, 4S, EV 84.4 MPH)
|
| Bottom of the 2nd over - 0 runs, 0 hits, 0 errors, 0 left on base; Columbus 1 - Jacksonville 0 |
| TOP OF THE 3RD |
|
Columbus Skeeters batting - Pitching for Jacksonville Suns : LHP Tom Browning
|
|
Batting: RHB Gregory Pastors
|
0-0: Foul Ball, location: 2F 0-1: Ball 1-1: Ball 2-1: Foul Ball, location: 2F 2-2: Foul Ball, location: 2F 2-2: Ball 3-2: Ground out 5-3 (Groundball, 56, EV 76.3 MPH)
|
|
Batting: SHB Mike Howard
|
0-0: Ball 1-0: Swinging Strike 1-1: Ground out 3-1 (Groundball, 34, EV 102.5 MPH)
|
|
Batting: RHB Randolph Ebersberger
|
0-0: Ball 1-0: Ball 2-0: Foul Ball, location: 2F 2-1: Ball 3-1: Foul Ball, location: 2F 3-2: Ground out U3 (Groundball, 3, EV 81.9 MPH)
|
| Top of the 3rd over - 0 runs, 0 hits, 0 errors, 0 left on base; Columbus 1 - Jacksonville 0 |
| BOTTOM OF THE 3RD |
|
Jacksonville Suns batting - Pitching for Columbus Skeeters : LHP Scott Gleckel
|
|
Batting: LHB Michael Kelly
|
0-0: Ball 1-0: Ball 2-0: Called Strike 2-1: Foul Ball, location: 2F 2-2: Strikes out looking
|
|
Batting: LHB Donald Seeker
|
0-0: Ball 1-0: Foul Ball, location: 2F 1-1: Foul Ball, location: 2F 1-2: Ball 2-2: Ground out U3 (Groundball, 34S, EV 84.4 MPH)
|
|
Batting: RHB Lyle Brackenridge
|
0-0: Ball 1-0: Called Strike 1-1: Swinging Strike 1-2: Ball 2-2: Foul Ball, location: 2F 2-2: Foul Ball, location: 2F 2-2: Ground out 4-3 (Groundball, 4, EV 94.4 MPH)
|
| Bottom of the 3rd over - 0 runs, 0 hits, 0 errors, 0 left on base; Columbus 1 - Jacksonville 0 |
| TOP OF THE 4TH |
|
Columbus Skeeters batting - Pitching for Jacksonville Suns : LHP Tom Browning
|
|
Batting: RHB Heri Ramirez
|
0-0: Ball 1-0: SINGLE (Line Drive, 4MD, EV 98.8 MPH)
|
|
Batting: LHB Sam Horn
|
0-0: Swinging Strike 0-1: Called Strike 0-2: SINGLE (Groundball, 6MD, EV 101.3 MPH) Heri Ramirez to second Runner from 2nd tries for 3rd, OUT! 8-5
|
|
Batting: RHB George Dierberger
|
0-0: Ball 1-0: Foul Ball, location: 2F 1-1: Foul Ball, location: 2F 1-2: Foul Ball, location: 2F 1-2: Foul Ball, location: 2F 1-2: Ball 2-2: Foul Ball, location: 2F 2-2: Strikes out swinging
|
|
Batting: LHB John Weller
|
0-0: Ball 1-0: Ball 2-0: Fly out, F6 (Popup, 15S, EV 91.9 MPH)
|
| Top of the 4th over - 0 runs, 2 hits, 0 errors, 1 left on base; Columbus 1 - Jacksonville 0 |
| BOTTOM OF THE 4TH |
|
Jacksonville Suns batting - Pitching for Columbus Skeeters : LHP Scott Gleckel
|
|
Batting: RHB Jeff Spisok
|
0-0: Ball 1-0: Foul Ball, location: 2F 1-1: Fly out, F8 (Flyball, 8RM, EV 98.1 MPH)
|
|
Batting: LHB Andy Carlton
|
0-0: Ball 1-0: Called Strike 1-1: Ball 2-1: Ground out 4-3 (Groundball, 4, EV 105.0 MPH)
|
|
Batting: RHB Tony Evans
|
0-0: Foul Ball, location: 2F 0-1: Ball 1-1: Ball 2-1: Ball 3-1: Swinging Strike 3-2: Base on Balls
|
|
Batting: RHB Edward Packard
|
0-0: Fly out, F8 (Flyball, 8RD, EV 100.6 MPH)
|
| Bottom of the 4th over - 0 runs, 0 hits, 0 errors, 1 left on base; Columbus 1 - Jacksonville 0 |
| TOP OF THE 5TH |
|
Columbus Skeeters batting - Pitching for Jacksonville Suns : LHP Tom Browning
|
|
Batting: RHB Danny Sheaffer
|
0-0: Foul Ball, location: 2F 0-1: Ball 1-1: Swinging Strike 1-2: Ball 2-2: Strikes out swinging, 2-3 out at first.
|
|
Batting: LHB Jay Erdahl
|
0-0: Called Strike 0-1: Ball 1-1: Ball 2-1: Foul Ball, location: 2F 2-2: Foul Ball, location: 2F 2-2: Foul Ball, location: 2F 2-2: Fly out, F8 (Flyball, 89S, EV 94.4 MPH)
|
|
Batting: RHB Gregory Pastors
|
0-0: Called Strike 0-1: Swinging Strike 0-2: Foul Ball, location: 2F 0-2: Ball 1-2: Fly out, F8 (Flyball, 8RXD, EV 85.6 MPH)
|
| Top of the 5th over - 0 runs, 0 hits, 0 errors, 0 left on base; Columbus 1 - Jacksonville 0 |
| BOTTOM OF THE 5TH |
|
Jacksonville Suns batting - Pitching for Columbus Skeeters : LHP Scott Gleckel
|
|
Batting: LHB Pete M O'Brien
|
0-0: Fly out, F5 (Popup, 5, EV 74.4 MPH)
|
|
Batting: LHB Dave Baker
|
0-0: Called Strike 0-1: Foul Ball, location: 2F 0-2: Fly out, F8 (Line Drive, 8LM, EV 107.5 MPH)
|
|
Batting: LHB Michael Kelly
|
0-0: Foul Ball, location: 2F 0-1: Ball 1-1: Foul Ball, location: 2F 1-2: Ball 2-2: Ball 3-2: Foul Ball, location: 2F 3-2: Foul Ball, location: 2F 3-2: Ground out 4-3 (Groundball, 4, EV 81.3 MPH)
|
| Bottom of the 5th over - 0 runs, 0 hits, 0 errors, 0 left on base; Columbus 1 - Jacksonville 0 |
| TOP OF THE 6TH |
|
Columbus Skeeters batting - Pitching for Jacksonville Suns : LHP Tom Browning
|
|
Batting: SHB Mike Howard
|
0-0: Called Strike 0-1: Ball 1-1: DOUBLE (Line Drive, 78D, EV 109.4 MPH)
|
|
Batting: RHB Randolph Ebersberger
|
0-0: Foul Ball, location: 2F 0-1: Fly out, F8 (Flyball, 89D, EV 91.3 MPH) Runner from 2nd tags up, SAFE at 3rd, no throw by CF
|
|
Batting: RHB Heri Ramirez
|
0-0: Intentional Walk
|
|
Batting: LHB Sam Horn
|
0-0: Ball 1-0: Fly out, F4 (Popup, 4D, EV 70.6 MPH)
|
|
Batting: RHB George Dierberger
|
0-0: Ball 1-0: Ball 2-0: Foul Ball, location: 2F 2-1: Ball 3-1: Base on Balls Heri Ramirez to second
|
|
Batting: LHB John Weller
|
0-0: Ball 1-0: Ball 2-0: Called Strike 2-1: Foul Ball, location: 2F 2-2: Ball 3-2: Strikes out looking
|
| Top of the 6th over - 0 runs, 1 hit, 0 errors, 3 left on base; Columbus 1 - Jacksonville 0 |
| BOTTOM OF THE 6TH |
|
Jacksonville Suns batting - Pitching for Columbus Skeeters : LHP Scott Gleckel
|
|
Batting: LHB Donald Seeker
|
0-0: Called Strike 0-1: Foul Ball, location: 2F 0-2: Foul Ball, location: 2F 0-2: Ball 1-2: Fly out, F9 (Line Drive, 9D, EV 106.3 MPH)
|
|
Batting: RHB Lyle Brackenridge
|
0-0: Ball 1-0: Called Strike 1-1: Foul Ball, location: 2F 1-2: Ball 2-2: Fly out, F4 (Popup, 4MS, EV 74.4 MPH)
|
|
Batting: RHB Jeff Spisok
|
0-0: Swinging Strike 0-1: Ball 1-1: Ball 2-1: Foul Ball, location: 2F 2-2: Ground out 4-3 (Groundball, 4, EV 90.0 MPH)
|
| Bottom of the 6th over - 0 runs, 0 hits, 0 errors, 0 left on base; Columbus 1 - Jacksonville 0 |
| TOP OF THE 7TH |
|
Columbus Skeeters batting - Pitching for Jacksonville Suns : LHP Tom Browning
|
|
Batting: RHB Danny Sheaffer
|
0-0: Ball 1-0: Foul Ball, location: 2F 1-1: Ball 2-1: Foul Ball, location: 2F 2-2: Ball 3-2: Foul Ball, location: 2F 3-2: Foul Ball, location: 2F 3-2: Ground out 6-3 (Groundball, 6D, EV 100.0 MPH)
|
|
Batting: LHB Jay Erdahl
|
0-0: Ball 1-0: Called Strike 1-1: Ball 2-1: Fly out, F7 (Flyball, 7S, EV 86.9 MPH)
|
|
Batting: RHB Gregory Pastors
|
0-0: Called Strike 0-1: Swinging Strike 0-2: Ball 1-2: Ball 2-2: Ground out 6-3 (Groundball, 6, EV 84.4 MPH)
|
| Top of the 7th over - 0 runs, 0 hits, 0 errors, 0 left on base; Columbus 1 - Jacksonville 0 |
| BOTTOM OF THE 7TH |
|
Jacksonville Suns batting - Pitching for Columbus Skeeters : LHP Scott Gleckel
|
|
Batting: LHB Andy Carlton
|
0-0: Ball 1-0: Swinging Strike 1-1: DOUBLE (Groundball, 5L, EV 100.6 MPH)
|
|
Batting: RHB Tony Evans
|
0-0: Ball 1-0: Foul Ball, location: 2F 1-1: Ground out 4-3 (Groundball, 34, EV 101.9 MPH) Andy Carlton to third
|
|
Batting: RHB Edward Packard
|
0-0: Called Strike 0-1: Foul Ball, location: 2F 0-2: Foul Ball, location: 2F 0-2: Ball 1-2: Ball 2-2: Ground out 6-3 (Groundball, 6, EV 97.5 MPH)
|
|
Batting: LHB Pete M O'Brien
|
0-0: Foul Ball, location: 2F 0-1: Ball Wild Pitch! Andy Carlton scores 1-1: Swinging Strike 1-2: Foul Ball, location: 2F 1-2: Ground out 1-3 (Groundball, 34S, EV 68.1 MPH)
|
| Bottom of the 7th over - 1 run, 1 hit, 0 errors, 0 left on base; Columbus 1 - Jacksonville 1 |
| TOP OF THE 8TH |
|
Columbus Skeeters batting - Pitching for Jacksonville Suns : LHP Tom Browning
|
|
Batting: SHB Mike Howard
|
0-0: Ground out 4-3 (Groundball, 4M, EV 90.6 MPH)
|
|
Batting: RHB Randolph Ebersberger
|
0-0: Called Strike 0-1: Ball 1-1: Called Strike 1-2: Strikes out swinging
|
|
Batting: RHB Heri Ramirez
|
0-0: Swinging Strike 0-1: Foul Ball, location: 2F 0-2: Foul Ball, location: 2F 0-2: Ball 1-2: Strikes out looking
|
| Top of the 8th over - 0 runs, 0 hits, 0 errors, 0 left on base; Columbus 1 - Jacksonville 1 |
| BOTTOM OF THE 8TH |
|
Jacksonville Suns batting - Pitching for Columbus Skeeters : LHP Scott Gleckel
|
|
Batting: LHB Dave Baker
|
0-0: Ball 1-0: Foul Ball, location: 2F 1-1: Ground out 1-3 (Groundball, 34S, EV 70.6 MPH)
|
|
Batting: LHB Michael Kelly
|
0-0: Swinging Strike 0-1: Ball 1-1: SINGLE (Groundball, 34D, EV 107.5 MPH)
|
|
Batting: LHB Donald Seeker
|
Pickoff Throw to First - Out! 1-3 0-0: Called Strike 0-1: Foul Ball, location: 2F 0-2: Ball 1-2: Foul Ball, location: 2F 1-2: Ball 2-2: Strikes out looking
|
| Bottom of the 8th over - 0 runs, 1 hit, 0 errors, 0 left on base; Columbus 1 - Jacksonville 1 |
| TOP OF THE 9TH |
|
Columbus Skeeters batting - Pitching for Jacksonville Suns : LHP Tom Browning
|
|
Pinch Hitting: RHB Venoy Garrison
|
0-0: Ball 1-0: Foul Ball, location: 2F 1-1: Ball 2-1: Ball 3-1: Foul Ball, location: 2F 3-2: Strikes out swinging
|
|
Batting: RHB George Dierberger
|
0-0: Ball 1-0: Ball 2-0: Ball 3-0: Base on Balls
|
|
Batting: LHB John Weller
|
0-0: Called Strike 0-1: Swinging Strike 0-2: Ball 1-2: Foul Ball, location: 2F 1-2: Foul Ball, location: 2F 1-2: Fly out, F8 (Flyball, 78D, EV 105.0 MPH)
|
|
Batting: RHB Danny Sheaffer
|
0-0: Ball 1-0: Swinging Strike 1-1: Ball 2-1: Fly out, F3 (Popup, 34S, EV 88.1 MPH)
|
| Top of the 9th over - 0 runs, 0 hits, 0 errors, 1 left on base; Columbus 1 - Jacksonville 1 |
| BOTTOM OF THE 9TH |
|
Jacksonville Suns batting - Pitching for Columbus Skeeters : LHP Scott Gleckel
|
|
Pitching: RHP Kevin Kobel
|
|
|
Now at 1B: Venoy Garrison
|
|
|
Batting: RHB Lyle Brackenridge
|
0-0: Called Strike 0-1: Ball 1-1: Ground out 4-3 (Groundball, 34, EV 100.0 MPH)
|
|
Batting: RHB Jeff Spisok
|
0-0: Called Strike 0-1: Ball 1-1: Foul Ball, location: 2F 1-2: Foul Ball, location: 2F 1-2: SINGLE (Groundball, 56S, EV 72.5 MPH) (infield hit)
|
|
Batting: LHB Andy Carlton
|
0-0: Ball 1-0: 2-RUN HOME RUN (Flyball, 9D, EV 100.0 MPH), Distance : 384 ft
|
| Bottom of the 9th over - 2 runs, 2 hits, 0 errors, 0 left on base; Columbus 1 - Jacksonville 3 |
|